 Dungeon Crawl Stone Soup version 0.27.0-1-g7a089689b8 (webtiles) character file.

Game seed: 17506346827090682775

413 Gunterle the Skirmisher (level 7, 0/53 HPs)
             Began as a Djinni Monk on Aug 10, 2021.
             Was a Believer of the Shining One.
             Slain by an iguana (9 damage)
             ... on level 5 of the Dungeon.
             The game lasted 00:12:20 (4608 turns).

Gunterle the Skirmisher (Djinni Monk)               Turns: 4608, Time: 00:12:21

Health: 0/53       AC:  3    Str: 10    XL:     7   Next: 14%
Gold:   164        EV: 18    Int: 13    God:    the Shining One [**....] SH:  0 Dex: 16

rFire    + + .     SeeInvis .   c - +1 hunting sling (flame)
rCold    x . .     Faith    .   (no shield)
rNeg     + . .     Spirit   .   b - +0 robe
rPois    ∞         Reflect  .   (no helmet)
rElec    .         Harm     .   r - +0 cloak
rCorr    .         Rampage  .   (no gloves)
Will     .....                  (boots unavailable)
Stlth    +.........             (no amulet)
HPRegen  0.17/turn              h - +4 ring of evasion
MPRegen  0.00/turn              (no ring)

@: flying, glowing
A: sickness immunity, fire resistance 2, cold vulnerability 1, float, innate
caster, hp casting, extra vitality 1
a: Renounce Religion, Divine Shield


You were on level 5 of the Dungeon.
You worshipped the Shining One.
The Shining One was pleased with you.
You visited 2 branches of the dungeon, and saw 6 of its levels.

You collected 164 gold pieces.

Inventory:

Hand Weapons
 a - a +0 falchion
 c - a +1 hunting sling of flaming (weapon)
Missiles
 e - 90 stones (quivered ammo)
 k - 31 arrows
 s - 21 poisoned darts
Armour
 b - a +0 robe (worn)
 g - a +0 ring mail of willpower
 j - a +0 leather armour
 r - a +0 cloak (worn)
 t - a scarf of shadows
 z - a +0 leather armour
 A - a +2 pair of gloves
Magical Staves
 p - a staff of cold
Jewellery
 h - a +4 ring of evasion (left hand)
 i - a ring of see invisible
Wands
 x - a wand of charming (10)
Scrolls
 l - a scroll of identify {unknown}
 o - a scroll of immolation {unknown}
 q - a scroll of enchant armour {unknown}
 u - a scroll of magic mapping {unknown}
 y - a scroll of teleportation {unknown}
Potions
 d - 2 potions of haste {unknown}
 f - a potion of brilliance {unknown}
 m - a potion of mutation {unknown}
 n - a potion of berserk rage {unknown}
 v - a potion of attraction {unknown}
 w - a potion of degeneration {unknown}


   Skills:
 * Level 4.8 Fighting
 * Level 4.2 Long Blades
 * Level 2.0 Armour
 + Level 4.1 Dodging
 - Level 1.7 Stealth
 * Level 1.7 Spellcasting


You had 3 spell levels left.
You knew the following spells:

 Your Spells              Type           Power      Damage    Failure   Level
a - Corona                Hex            5%         N/A       13%         1
b - Static Discharge      Conj/Air       5%         N/A       21%         2
c - Frozen Ramparts       Ice            10%        1d3       36%         3
Your spell library was empty.

Dungeon Overview and Level Annotations

Branches:
Dungeon (5/15)             Temple (1/1) D:4

Altars:
Ashenzari
Cheibriados
Dithmenos
Elyvilon
Fedhas
Makhleb
Okawaru
Ru
Sif Muna
Trog
Uskayaw
Vehumet
Wu Jian
Xom
Yredelemnul
Zin
The Shining One

Shops:
D:4 (

Annotations:
D:3 exclusions: ice beast and rat


Innate Abilities, Weirdness & Mutations

You are immune to sickness and miasma.
You are immune to poison.
Your flesh is very heat resistant. (rF++)
You are vulnerable to cold. (rC-)
You float through the air rather than walking.
You learn spells naturally, not from books.
Your magical power is your life essence.
You have superior vitality. (+4 HP)


Message History

You feel better.
Your Armour skill increases to level 2!
No target in view!
Unknown command.
Your +1 hunting sling of flaming bursts into flame!
c - a +1 hunting sling of flaming (weapon)
You start resting.
HP restored.
You see here a scorpion corpse.
Found a pair of embroidered gloves.
e - 87 stones (gained 2)
e - 88 stones (gained 1)
e - 89 stones (gained 1)
Found a stone staircase leading up.
e - 90 stones (gained 1)
An acid dragon comes into view.
The acid dragon roars!
A necrophage comes into view.
The acid dragon spits acid at you. The splash of acid hits you!
The acid corrodes you!
You are splashed with acid!
You hear an angry hiss.
You see here a scorpion corpse.
You are no longer corroded.
An iguana comes into view.
The iguana hisses angrily.
The iguana bites you. The iguana misses you. The iguana bites you!
Found a scroll labelled BITZUTWI PIASCH and 12 gold pieces.
You see here a +2 pair of gloves.
A - a +2 pair of gloves The iguana barely misses you.
The iguana bites you!
* * * LOW HITPOINT WARNING * * *
Found an escape hatch in the ceiling.
The necrophage closely misses you.
Found 19 sling bullets.
There is an escape hatch in the ceiling here.
The necrophage closely misses you. The iguana bites you!
You die...

. #.# #.#.# #(.. #.#<#
#... #.#.# ####...#
..#...##........
................##
..###............#######
...##..##.##............
.......## ##....@....##
........# #....nl....##
........# ####$........
........#.# #.D<......
........#.# ##.$...##.
........#.# #.......#.
........#.# #.........
........#.#####.......#.
...........D.........#..


You could see an acid dragon, a necrophage and an iguana.

Vanquished Creatures
  A phantom (D:4)
  A scorpion (D:5)
  A water moccasin skeleton (D:5)
  A centaur zombie (D:5)
  A hound (D:4)
  A bullfrog skeleton (D:5)
  6 adders
  An adder skeleton (D:4)
  A worm (D:3)
  2 dart slugs
  5 orcs (D:3)
  6 ball pythons
  3 endoplasms
  A giant cockroach (D:1)
  11 goblins
  8 hobgoblins
  3 jackals (D:4)
  8 kobolds
  A quokka (D:4)
  6 bats
  A frilled lizard (D:2)
  7 rats
76 creatures vanquished.

Vanquished Creatures (others)
  7 plants
7 creatures vanquished.

Grand Total: 83 creatures vanquished

Notes
Turn   | Place    | Note
-------+----------+-------------------------------------------
     0 | D:1      | Gunterle the Djinni Monk began the quest for the Orb.
     0 | D:1      | Reached XP level 1. HP: 20/20 MP: 0/0
   273 | D:1      | Found a faded altar of an unknown god.
   338 | D:1      | Reached XP level 2. HP: 23/25 MP: 0/0
  1079 | D:2      | Reached XP level 3. HP: 30/30 MP: 0/0
  1079 | D:2      | Learned a level 1 spell: Corona
  1115 | D:2      | You are sucked into a shaft and drop 1 floor!
  1878 | D:3      | Reached XP level 4. HP: 28/37 MP: 0/0
  2372 | D:3      | Noticed an ice beast
  2708 | D:3      | Reached XP level 5. HP: 41/41 MP: 0/0
  2708 | D:3      | Learned a level 2 spell: Static Discharge
  3168 | D:4      | Found a burning altar of Makhleb.
  3414 | D:4      | Found Molutyh's Antique Weapon Shop.
  3438 | D:4      | Noticed a phantom
  3455 | D:4      | Killed a phantom
  3456 | D:4      | Reached skill level 1 in Armour
  3456 | D:4      | Reached skill level 1 in Spellcasting
  3456 | D:4      | Reached XP level 6. HP: 18/48 MP: 0/0
  3678 | D:4      | Found a staircase to the Ecumenical Temple.
  3687 | Temple   | Entered the Ecumenical Temple
  4304 | D:4      | Found a glowing silver altar of Zin.
  4305 | D:4      | Found a glowing golden altar of the Shining One.
  4311 | D:4      | Became a worshipper of the Shining One
  4311 | D:4      | Reached * piety under the Shining One
  4311 | D:4      | Reached ** piety under the Shining One
  4350 | D:5      | Entered Level 5 of the Dungeon
  4449 | D:5      | Reached XP level 7. HP: 35/53 MP: 0/0
  4449 | D:5      | Learned a level 3 spell: Frozen Ramparts
  4561 | D:5      | Noticed an acid dragon
  4608 | D:5      | Slain by an iguana

Illustrated notes

Levels and vault maps discovered:
D:1:      heliophobic_arrival_glass_houses, layout_loops_ring, serial_forest,
          infiniplex_forest_straight_5, infiniplex_forest_clump_long,
          infiniplex_forest_lined_3, infiniplex_forest_side_room,
          infiniplex_forest_end_1, shapermc_ecumenical_altar_mp_ritualfount
D:2:      layout_loops_cross, serial_rivers, chequers_serial_rivers_small_3,
          chequers_serial_rivers_small_3, chequers_serial_rivers_micro_c,
          chequers_serial_rivers_micro_e
D:3:      corexii_shack_village, layout_loops_ring, st_stairs_5
D:4:      layout_basic, makhleb_heckhound_becter,
          gammafunk_temple_overflow_pools, minmay_temple_entry_mist,
          serial_shops, nicolae_shop_waterfront
D:5:      layout_rooms, mainiacjoe_overflow_concentric_impassable,
          minmay_misc_feat_diagonals, nicolae_shop_gadgets
Temple:   minmay_temple_curvy_branch

Skill      XL: |  1  2  3  4  5  6  7 |
---------------+----------------------+-----
Long Blades    | 3 4 |  4.2
Fighting       | 4 |  4.8
Armour         | 1 2 |  2.0
Spellcasting   | 1 |  1.7
Dodging        | 4 |  4.1
Stealth        | |  1.7

Action                   |  1- 3 |  4- 6 |  7- 9 || total
-------------------------+-------+-------+-------++-------
Melee: Falchion          |    60 |    64 |    12 ||   136
 Fire: Hunting sling     |    47 |    85 |       ||   132
 Stab: Sleeping          |     1 |     3 |       ||     4
Armor: Robe              |     9 |    12 |     6 ||    27
Dodge: Dodged            |    46 |    68 |    26 ||   140
       Rpst.: Falchion   |    18 |    18 |     3 ||    39
